 Dungeon Crawl Stone Soup version 0.29.1-1-gd02db6906a (webtiles) character file.

Game seed: 2593294633813705885

20 Jakudza the Gusty (level 2, 0/15 HPs)
             Began as a Tengu Air Elementalist on Sept 24, 2022.
             Slain by a worm (5 damage)
             ... on level 3 of the Dungeon.
             The game lasted 00:05:34 (1953 turns).

Jakudza the Gusty (Tengu Air Elementalist)          Turns: 1953, Time: 00:05:35

Health: 0/15       AC:  2    Str:  8    XL:     2   Next: 79%
Magic:  2/6        EV: 12    Int: 15    God:
Gold:   41         SH:  0    Dex: 14    Spells: 2/5 levels left

rFire   . . .      SeeInvis .   e - staff of air
rCold   . . .      Faith    .   (no shield)
rNeg    . . .      Spirit   .   a - +0 robe
rPois   .          Reflect  .   (helmet restricted)
rElec   +          Harm     .   (no cloak)
rCorr   .          Rampage  .   (no gloves)
Will    .....                   (boots unavailable)
Stlth   ++........              (no amulet)
HPRegen 0.05/turn               d - ring of wizardry
MPRegen 0.10/turn               (no ring)

@: no status effects
A: beak, talons 3
a: no special abilities


You were on level 3 of the Dungeon.
You visited 1 branch of the dungeon, and saw 3 of its levels.

You collected 41 gold pieces.

Inventory:

Armour
 a - a +0 robe (worn)
Magical Staves
 e - a staff of air (weapon)
Jewellery
 d - a ring of wizardry (left hand)
Potions
 b - a potion of magic
 c - 2 potions of might
 g - a potion of brilliance {unknown}
 h - a potion of haste {unknown}
 i - a potion of berserk rage {unknown}


   Skills:
 + Level 0.1 Fighting
 + Level 2.4 Dodging
 - Level 2.1 Stealth
 * Level 2.2 Spellcasting
 + Level 1.9 Conjurations
 * Level 4.4 Air Magic


You had 2 spell levels left.
You knew the following spells:

 Your Spells              Type           Power      Damage    Failure   Level
a - Shock                 Conj/Air       64%        1d7       2%          1
b - Static Discharge      Conj/Air       16%        3-5/arc   3%          2

Your spell library contained the following spells:

 Spells                   Type           Power      Damage    Failure   Level
 Magic Dart               Conj           28%        1d4       4%          1
 Beastly Appendage        Tmut           2%         N/A       9%          1
 Wereblood                Tmut           1%         N/A       13%         2
 Swiftness                Air            22%        N/A       4%          3
 Airstrike                Air            11%        2d(2-18)  14%         4
 Spider Form              Tmut/Pois      1%         N/A       26%         3


Dungeon Overview and Level Annotations

Branches:
Dungeon (3/15)

Altars:


Innate Abilities, Weirdness & Mutations

You have a beak for a mouth.
You have claws for feet.


Message History

You feel a surge of power!
The zap hits the worm.
The worm is moderately wounded.
You feel a surge of power!
The zap hits the worm.
The worm is moderately wounded.
You feel a surge of power!
The zap hits the worm.
The worm is heavily wounded.
You are out of magic!
You are out of magic!
You are out of magic!
You are out of magic!
You are out of magic!
You are out of magic!
You climb upwards.
There is a stone staircase leading down here.
You start resting.
Magic restored.
You climb downwards.
A bat comes into view.
The worm bites you!
Ouch! That really hurt!
There is a stone staircase leading up here.
Casting: Shock (safe; 2% risk of failure)
Confirm with . or Enter, or press ? or * to list all spells.
You feel a surge of power!
The worm is struck by an arc of lightning.
The worm is moderately wounded.
You resist.
You are struck by an arc of lightning.
The worm is struck by an arc of lightning.
The worm is moderately wounded.
The lightning grounds out.
The bat misses you.
Casting: Static Discharge (safe; 3% risk of failure)
Confirm with . or Enter, or press ? or * to list all spells.
You feel a surge of power!
The bat is struck by an arc of lightning.
You kill the bat!
You resist.
You are struck by an arc of lightning.
The worm is struck by an arc of lightning.
The worm is severely wounded.
You resist.
You are struck by an arc of lightning.
The worm bites you.
You die...

###########
#..@w..†...
#.#.###.###
.. #.. ##
...# ##.#
.. .. ..#


You could see a worm.

Vanquished Creatures
  A dart slug (D:1)
  2 ball pythons (D:1)
  2 endoplasms
  2 giant cockroaches (D:1)
  A goblin (D:2)
  4 bats
  3 frilled lizards (D:1)
  2 kobolds (D:1)
  2 rats (D:1)
  A bush (D:1)
20 creatures vanquished.

Vanquished Creatures (others)
  10 plants (D:1)
10 creatures vanquished.

Grand Total: 30 creatures vanquished

Notes
Turn   | Place    | Note
-------+----------+-------------------------------------------
     0 | D:1      | Jakudza the Tengu Air Elementalist began the quest for the
                  | Orb.
     0 | D:1      | Reached XP level 1. HP: 10/10 MP: 4/4
   586 | D:1      | Reached XP level 2. HP: 15/15 MP: 1/6
   924 | D:1      | Identified a scroll of acquirement
   924 | D:1      | Acquired a staff of air
   946 | D:1      | Found a faded altar of an unknown god.
   955 | D:1      | Got Plato's Secrets of Conjuration
  1092 | D:1      | Learned a level 2 spell: Static Discharge
  1953 | D:3      | Slain by a worm

Illustrated notes

Levels and vault maps discovered:
D:1:      nzn_arrival_water_spiral, layout_loops_corners, serial_forest,
          infiniplex_forest_clump_diagonal, infiniplex_forest_straight_5,
          infiniplex_forest_end_2, infiniplex_forest_lined_3_way,
          infiniplex_forest_clump_double, infiniplex_forest_straight_4,
          infiniplex_forest_clump_small, infiniplex_forest_end_2,
          shapermc_ecumenical_altar_rom_forum, minmay_misc_feat_rugged,
          minmay_misc_feat_nine_boxes
D:2:      layout_basic, kennysheep_jessica_study
D:3:      minmay_wonky_spiral, layout_loops_cross

Action                   || total
-------------------------++-------
Melee: Unarmed           ||     3
       Staff             ||    18
       Kick              ||     8
       Peck              ||     5
 Cast: Shock             ||    43
       Static Discharge  ||    15
  Use: Scroll            ||     6
Armor: Robe              ||     1
Dodge: Dodged            ||     6
